 Dungeon Crawl Stone Soup version 0.27-a0-448-gace5c5693b (webtiles) character file.

Game seed: 4927883539219589597

5240 siradein the Grappler (level 10, -1/80 HPs)
             Began as a Ghoul Warper on Feb 27, 2021.
             Was a Believer of Makhleb.
             Slain by an orc warrior
             ... wielding a +0 halberd
              (6 damage)
             ... while petrified by a basilisk
             ... on level 9 of the Dungeon.
             The game lasted 00:29:36 (8333 turns).

siradein the Grappler (Ghoul Warper)                Turns: 8333, Time: 00:29:37

Health: -1/80      AC: 17    Str: 16    XL:     10   Next: 62%
Magic:  13/13      EV:  2    Int:  8    God:    Makhleb [**....]
Gold:   452        SH:  0    Dex: 17    Spells: 4/12 levels left

rFire    . . .     SeeInvis .     - Unarmed
rCold    + . .     Faith    +   (no shield)
rNeg     + + +     Spirit   .   z - +1 chain mail
rPois    ∞         Reflect  .   (no helmet)
rElec    .         Harm     .   B - +2 cloak
rCorr    .         Rampage  .   (no gloves)
Will     .....                  q - +2 pair of boots
Stlth    ..........             i - amulet of faith
HPRegen  0.00/turn              h - +4 ring of slaying
MPRegen  0.13/turn              k - +6 ring of dexterity

@: petrified
A: claws 1, cold resistance 1, negative energy resistance 3, inhibited
regeneration, torment resistance, unbreathing
a: Renounce Religion, Minor Destruction


You were on level 9 of the Dungeon.
You worshipped Makhleb.
Makhleb was pleased with you.
You visited 2 branches of the dungeon, and saw 10 of its levels.

You collected 452 gold pieces.

Inventory:

Missiles
 d - 8 boomerangs of dispersal (quivered)
Armour
 q - a +2 pair of boots (worn)
 z - a +1 chain mail (worn)
 B - a +2 cloak (worn)
Jewellery
 e - a ring of resist corrosion
 h - a +4 ring of slaying (left claw)
 i - an amulet of faith (around neck)
 k - a +6 ring of dexterity (right claw)
 y - a ring of protection from fire
Wands
 w - a wand of acid (16)
 x - a wand of polymorph (8)
 A - a wand of random effects (15)
Scrolls
 a - a scroll of brand weapon {unknown}
 b - 3 scrolls of enchant armour
 c - 6 scrolls of blinking
 g - 3 scrolls of enchant weapon {unknown}
 l - 5 scrolls of teleportation {unknown}
 n - 4 scrolls of fog {unknown}
 p - a scroll of random uselessness {unknown}
 s - 2 scrolls of amnesia {unknown}
 D - 2 scrolls of identify
Potions
 f - a potion of resistance
 j - 3 potions of heal wounds
 m - 3 potions of curing
 o - 5 potions of flight
 r - 3 potions of brilliance
 t - 2 potions of haste
 u - a potion of magic
 v - 2 potions of invisibility
 C - a potion of ambrosia {unknown}
 E - a potion of attraction {unknown}
 F - a potion of cancellation {unknown}


   Skills:
 + Level 4.8 Fighting
 - Level 0.8 Throwing
 + Level 5.2 Armour
 - Level 1.7 Dodging
 + Level 13.3 Unarmed Combat
 - Level 1.7 Spellcasting
 - Level 2.6 Translocations
 + Level 6.1 Invocations


You had 4 spell levels left.
You knew the following spells:

 Your Spells              Type           Power        Failure   Level
a - Blink                 Tloc           N/A          95%         2
b - Gell's Gravitas       Tloc           2%           99%         3
c - Lesser Beckoning      Tloc           2%           99%         3

Your spell library contained the following spells:

 Spells                   Type           Power        Failure   Level
 Magic Dart               Conj           0%           99%         1
 Teleport Other           Tloc           5%           99%         3
 Call Imp                 Summ           0%           100%        2
 Slow                     Hex            0%           100%        2
 Conjure Flame            Conj/Fire      0%           100%        3
 Mephitic Cloud           Conj/Pois/Air  0%           100%        3
 Manifold Assault         Tloc           5%           100%        4


Dungeon Overview and Level Annotations

Branches:
Dungeon (9/15)             Temple (1/1) D:4            Lair (0/6) D:9
    Orc: D:9-12

Altars:
Ashenzari
Cheibriados
Dithmenos
Elyvilon
Fedhas
Gozag
Hepliaklqana
Kikubaaqudgha
Makhleb
Nemelex Xobeh
Okawaru
Qazlal
Ru
Sif Muna
Trog
Uskayaw
Vehumet
Wu Jian
Xom
Yredelemnul
Zin
The Shining One

Shops:
D:7 :   D:8 *

Portals:
Abyss: D:3


Innate Abilities, Weirdness & Mutations

You thrive by killing the living.
You are immune to poison.
You have sharp fingernails.
Your flesh is cold resistant. (rC+)
You are immune to negative energy. (rN+++)
You do not regenerate when monsters are visible.
You are immune to unholy pain and torment.
You can survive without breathing.


Message History

You scratch the yak.
The yak is severely wounded.
The yak gores you.
You claw the yak!
You kill the yak!
Makhleb accepts your kill.
You feel better. The basilisk gazes at you.
You are slowing down.
The basilisk gazes at you.
Your limbs have turned to stone.
The orc warrior hits you from afar with a +0 halberd.
You have turned to stone.
The basilisk gazes at you. You resist with some effort.
The orc warrior hits you but does no damage.
The basilisk gazes at you. You resist with some effort.
The orc warrior hits you from afar with a +0 halberd!
The basilisk bites you!
The orc warrior hits you from afar with a +0 halberd.
* * * LOW HITPOINT WARNING * * *
The basilisk gazes at you. You resist with some effort. The basilisk bites you!
* * * LOW HITPOINT WARNING * * *
The orc warrior hits you from afar with a +0 halberd.
* * * LOW HITPOINT WARNING * * *
The basilisk bites you but does no damage.
The orc warrior hits you but does no damage.
The basilisk bites you!
* * * LOW HITPOINT WARNING * * *
The orc warrior hits you from afar with a +0 halberd!
* * * LOW HITPOINT WARNING * * *
The basilisk gazes at you.
The orc warrior hits you but does no damage.
The basilisk bites you.
* * * LOW HITPOINT WARNING * * *
The orc warrior hits you from afar with a +0 halberd!
You die...

...P..P.♣..#
P..........#
.♣.........#
....P......#
..##.......+
#..........#
####....Yo>#
#####l###
#@# ###+####
###'#####
<......#
#.......#
.......#
#.......#
.......#
#.......##
.......#
#........#
.......####
#........#
.......'..#
#........#
.......##.##
#........#


You could see a yak, a basilisk and an orc warrior.

Vanquished Creatures
  2 two-headed ogres (D:9)
  Maggie (D:6)
  Prince Ribbit (D:7)
  3 yaks (D:9)
  2 wyverns
  The ghost of foci the Shield-Bearer, an amateur GrFi (D:3)
  A water moccasin (D:9)
  Duvessa (D:7)
  An ice beast (D:4)
  A necrophage (D:7)
  2 ogres
  2 sky beasts
  A centaur (D:6)
  A bullfrog (D:7)
  A wyvern zombie (D:6)
  Dowan (D:7)
  A small abomination (D:3)
  4 scorpions
  6 killer bees (D:9)
  4 wights (D:8)
  2 howler monkeys (D:9)
  2 crimson imps (D:3)
  A bullfrog zombie (D:7)
  6 hounds
  A jelly (D:5)
  Crazy Yiuf (D:7)
  3 centaur skeletons
  2 iguanas
  3 orc wizards
  3 worker ants
  A hound skeleton (D:8)
  A worker ant zombie (D:5)
  A howler monkey zombie (D:8)
  8 gnolls
  7 adders
  3 shadow imps
  A white imp (D:5)
  2 ufetubi
  3 oozes
  2 worms
  3 dart slugs
  5 leopard geckos
  14 orcs
  2 giant cockroaches
  14 goblins
  5 hobgoblins
  12 jackals
  7 kobolds
  4 quokkas
  A ball python (D:1)
  4 bats
  4 frilled lizards
  A jackal zombie (D:7)
  A leopard gecko zombie (D:9)
  4 rats
171 creatures vanquished.

Vanquished Creatures (others)
  2 fungi (D:9)
  18 plants (D:9)
20 creatures vanquished.

Grand Total: 191 creatures vanquished

Notes
Turn   | Place    | Note
-------+----------+-------------------------------------------
     0 | D:1      | siradein the Ghoul Warper began the quest for the Orb.
     0 | D:1      | Reached XP level 1. HP: 17/17 MP: 2/2
   308 | D:1      | Reached XP level 2. HP: 23/24 MP: 3/3
   375 | D:1      | Reached skill level 3 in Unarmed Combat
   455 | D:1      | HP: 1/24 [kobold/+1 short sword of electrocution (19)]
  1409 | D:1      | Reached XP level 3. HP: 28/29 MP: 4/4
  1748 | D:2      | Found a snail-covered altar of Cheibriados.
  1768 | D:2      | Reached skill level 4 in Unarmed Combat
  2486 | D:3      | Reached XP level 4. HP: 26/36 MP: 5/5
  2499 | D:3      | Reached skill level 5 in Unarmed Combat
  2542 | D:3      | Reached XP level 5. HP: 41/41 MP: 6/6
  2978 | D:3      | Noticed foci's ghost (amateur GrFi)
  2979 | D:3      | Found a one-way gate to the infinite horrors of the Abyss.
  2986 | D:3      | Found a transporter.
  3021 | D:3      | Reached skill level 6 in Unarmed Combat
  3068 | D:3      | Found a transporter.
  3440 | D:4      | Found a staircase to the Ecumenical Temple.
  3446 | Temple   | Entered the Ecumenical Temple
  3523 | Temple   | Became a worshipper of Makhleb the Destroyer
  3576 | D:4      | Reached XP level 6. HP: 47/48 MP: 7/7
  3628 | D:4      | Reached skill level 7 in Unarmed Combat
  3671 | D:4      | Learned a level 2 spell: Blink
  3675 | D:4      | Learned a level 3 spell: Gell's Gravitas
  3679 | D:4      | Learned a level 3 spell: Lesser Beckoning
  3817 | D:4      | Noticed an ice beast
  3824 | D:4      | Killed an ice beast
  3825 | D:4      | Reached skill level 8 in Unarmed Combat
  3825 | D:4      | Reached XP level 7. HP: 55/55 MP: 8/8
  3960 | D:5      | Entered Level 5 of the Dungeon
  4050 | D:5      | Reached * piety under Makhleb
  4099 | D:5      | Reached skill level 9 in Unarmed Combat
  4571 | D:5      | Reached XP level 8. HP: 45/61 MP: 9/9
  4685 | D:5      | Found a sparkling altar of Nemelex Xobeh.
  4775 | D:5      | Reached skill level 10 in Unarmed Combat
  5832 | D:3      | Killed foci's ghost
  6141 | D:6      | Reached skill level 11 in Unarmed Combat
  6361 | D:6      | Noticed Maggie
  6379 | D:6      | Killed Maggie
  6574 | D:6      | Reached skill level 12 in Unarmed Combat
  6574 | D:6      | Reached XP level 9. HP: 67/67 MP: 10/10
  6605 | D:6      | Reached skill level 1 in Armour
  6800 | D:7      | Noticed Prince Ribbit
  6812 | D:7      | Killed Prince Ribbit
  6813 | D:7      | Reached skill level 1 in Invocations
  6840 | D:7      | Noticed Dowan
  6841 | D:7      | Noticed Duvessa
  6858 | D:7      | Killed Duvessa
  6860 | D:7      | Killed Dowan
  6879 | D:7      | Found Xearyol's Book Shop.
  7276 | D:7      | Found a runed translucent door.
  7277 | D:7      | Noticed Crazy Yiuf
  7286 | D:7      | Killed Crazy Yiuf
  7389 | D:8      | Reached ** piety under Makhleb
  7507 | D:8      | Found Fuesushu's General Store.
  7991 | D:8      | Upgraded the game from 0.27-a0-423-gf312af23e9 to
                  | 0.27-a0-448-gace5c5693b
  8100 | D:9      | Noticed a two-headed ogre
  8120 | D:9      | Killed a two-headed ogre
  8121 | D:9      | Reached skill level 13 in Unarmed Combat
  8121 | D:9      | Reached skill level 5 in Invocations
  8121 | D:9      | Reached XP level 10. HP: 70/77 MP: 12/12
  8157 | D:9      | Noticed a two-headed ogre
  8179 | D:9      | Killed a two-headed ogre
  8239 | D:9      | Reached skill level 5 in Armour
  8299 | D:9      | Found a staircase to the Lair.
  8333 | D:9      | Slain by an orc warrior

Illustrated notes

Levels and vault maps discovered:
D:1:      minmay_arrival_solitary_statue, layout_basic,
          amcnicky_mini_rare_corridor_liquid, minmay_misc_feat_x
D:2:      layout_basic, chequers_serial_rivers_micro_a, kennysheep_slug_shrine
D:3:      layout_basic, gammafunk_ghost_abyssal_escape, cheibrodos_gnoll_hut
D:4:      kennysheep_the_goblin_king, layout_cave_pools,
          minmay_temple_entry_ruins
D:5:      layout_layer_cave, nemelex_xobeh_ov_fountains_minmay
D:6:      layout_basic, chequers_arboretum, serial_bayou_crossing, uniq_maggie
D:7:      layout_rooms, serial_shops, shop_statue, uniq_duvessa,
          uniq_prince_ribbit1, uniq_crazy_yiuf_cottage
D:8:      layout_loops_ring, serial_shops, nicolae_shop_stone, grunt_decor_cap
D:9:      layout_roguey, minmay_lair_entry_grove
Temple:   dpeg_three_leaves_temple

Skill      XL: |  1  2  3  4  5  6  7  8  9 10 |
---------------+-------------------------------+-----
Unarmed Combat | 3 4 5 6 8 9 12 13 | 13.3
Armour         | 4 5 |  5.2
Invocations    | 5 6 |  6.1
Fighting       | 3 4 |  4.8
Throwing       | |  0.8
Dodging        | |  1.7
Spellcasting   | |  1.7
Translocations | |  2.6

Action                   |  1- 3 |  4- 6 |  7- 9 | 10-12 || total
-------------------------+-------+-------+-------+-------++-------
Melee: Unarmed           |   105 |    88 |   243 |    56 ||   492
       Punch             |     1 |     5 |    20 |     3 ||    29
  Use: Scroll            |       |       |    11 |       ||    11
       Potion            |       |       |     1 |       ||     1
 Stab: Sleeping          |       |       |     1 |       ||     1
Armor: Leather armour    |    44 |    18 |    22 |       ||    84
       Chain mail        |       |       |    65 |    29 ||    94
Dodge: Dodged            |    63 |    57 |    79 |    19 ||   218

Table legend: (Time is in decaauts)
 A = Elapsed time spent in this place.
 B = Non-inter-level travel time spent in this place.
 C = Inter-level travel time spent in this place.
 D = Time resting spent in this place.
 E = Time spent auto-exploring this place.
 F = Levels seen in this place.
 G = Mean time per level.
                   A        B        C        D        E       F      G
               +--------+--------+--------+--------+--------+-----+--------+
         Total |   8273 |   7967 |    306 |      7 |   6246 |  10 |  827.3 |
       Dungeon |   8187 |   7881 |    306 |      7 |   6182 |   9 |  909.7 |
        Temple |     85 |     85 |      0 |      0 |     64 |   1 |   85.0 |
               +--------+--------+--------+--------+--------+-----+--------+

Top non-repeatable levels by time:
     D:1: 1707 daAuts
     D:3: 1279 daAuts
     D:5: 1200 daAuts
     D:2: 1131 daAuts
     D:6: 865 daAuts
     D:8: 724 daAuts
     D:7: 548 daAuts
     D:4: 505 daAuts
     D:9: 224 daAuts
  Temple: 85 daAuts
